 Dungeon Crawl Stone Soup version 0.21.0-24-g2553a3340b (webtiles) character file.

42 Esekla the Slasher (level 3, 0/21 HPs)
             Began as a Tengu Warper on Jan 21, 2018.
             Slain by a worm (8 damage)
             ... on level 2 of the Dungeon.
             The game lasted 00:08:10 (978 turns).

Esekla the Slasher (Tengu Warper)                    Turns: 978, Time: 00:08:11

Health: 0/21       AC:  6    Str: 11    XL:     3   Next: 54%
Magic:  7/7        EV: 11    Int: 13    God:
Gold:   71         SH:  0    Dex: 14    Spells: 2/6 levels left

rFire    . . .     SeeInvis .   a - +0 falchion
rCold    . . .     Gourm    .   (no shield)
rNeg     . . .     Faith    .   h - +1 ring mail {rPois}
rPois    +         Spirit   .   (helmet restricted)
rElec    .         Reflect  .   (no cloak)
rCorr    .         Harm     .   (no gloves)
MR       .....                  (boots unavailable)
Stlth    +.........             (no amulet)
HPRegen  0.07/turn              (no ring)
MPRegen  0.10/turn              (no ring)

@: no status effects
A: beak, talons 3
a: no special abilities


You were on level 2 of the Dungeon.
You were not hungry.

You visited 1 branch of the dungeon, and saw 2 of its levels.

You collected 71 gold pieces.

Inventory:

Hand Weapons
 a - a +0 falchion (weapon)
Missiles
 e - 5 tomahawks of dispersal
 l - 7 tomahawks
 o - 52 stones (quivered)
Armour
 b - a +0 leather armour
 h - a +1 ring mail of poison resistance (worn)
 i - a +0 shield
 k - a +0 buckler
Scrolls
 d - a scroll of blinking
 g - 2 scrolls of remove curse {unknown}
 p - a scroll of identify {unknown}
Potions
 j - a potion of agility {unknown}
 m - a potion of mutation {unknown}
 n - a potion of degeneration {unknown}
Books
 c - a book of Spatial Translocations

   Spells                             Type                      Level
   a - Blink                          Translocation                2
   b - Shroud of Golubria             Charms/Translocation         2
   c - Lesser Beckoning               Translocation                3
   d - Gell's Gravitas                Translocation                3
   e - Teleport Other                 Translocation                3
   f - Passage of Golubria            Translocation                4
Comestibles
 f - 3 rations


   Skills:
 - Level 2.0 Fighting
 * Level 3.8 Long Blades
 - Level 1.0 Throwing
 * Level 1.4 Armour
 + Level 2.6 Dodging
 - Level 2.0 Spellcasting
 - Level 2.4 Translocations


You had 2 spell levels left.
You knew the following spells:

 Your Spells              Type           Power        Failure   Level  Hunger
a - Shroud of Golubria    Chrm/Tloc      #.........   50%         2    ###....
b - Blink                 Tloc           N/A          32%         2    ###....


Dungeon Overview and Level Annotations

Branches:
Dungeon (2/15)

Altars:


Innate Abilities, Weirdness & Mutations

You have a beak for a mouth.
You have claws for feet.


Message History

Your ring mail prevents you from hitting the worm.
You claw the worm.
The worm is lightly wounded.
You barely miss the worm. You peck the worm.
The worm is lightly wounded.
The worm barely misses you.
You riposte.
You hit the worm but do no damage. You claw the worm.
The worm is moderately wounded.
You hit the worm.
The worm is heavily wounded.
The worm closely misses you.
Your ring mail prevents you from hitting the worm.
The worm is heavily wounded.
You hit the worm.
The worm is severely wounded.
The worm bites you.
You barely miss the worm. You claw the worm. You peck the worm.
The worm is almost dead.
The worm bites you!
You die...

# #. #. ..
.# .###
####...####
#..@w......
#.###..###.
#.## #.# .#
.... #.# ..
..##
###.###.#
## ###
#.......#
...
#.#.#####
### #.#.#
#.#.#


You could see a worm.

Vanquished Creatures
  3 dart slugs
  2 leopard geckos (D:1)
  An orc (D:2)
  A ball python (D:1)
  2 giant cockroaches
  A goblin (D:2)
  4 hobgoblins (D:1)
  2 jackals (D:1)
  2 kobolds (D:1)
  A quokka (D:2)
  4 bats
  4 frilled lizards
  3 rats (D:1)
30 creatures vanquished.

Notes
Turn   | Place    | Note
-------+----------+-------------------------------------------
     0 | D:1      | Esekla the Tengu Warper began the quest for the Orb.
     0 | D:1      | Reached XP level 1. HP: 12/12 MP: 4/4
    51 | D:1      | Reached XP level 2. HP: 1/17 MP: 6/6
    55 | D:1      | Reached skill level 3 in Long Blades
   219 | D:2      | Reached XP level 3. HP: 8/21 MP: 7/7
   406 | D:2      | Learned a level 2 spell: Shroud of Golubria
   409 | D:2      | Learned a level 2 spell: Blink
   978 | D:2      | Slain by a worm

Skill      XL: |  1  2 |
---------------+-------+-----
Long Blades    | 3 |  3.8
Fighting       | |  2.0
Throwing       | |  1.0
Armour         | |  1.4
Dodging        | |  2.6
Spellcasting   | |  2.0
Translocations | |  2.4

Action                   || total
-------------------------++-------
Melee: Falchion          ||    72
       Kick              ||    17
       Peck              ||    14
Throw: Stone             ||     1
Armor: Leather armour    ||     1
       Ring mail         ||    17
Dodge: Dodged            ||    48
       Rpst.: Falchion   ||    16
